Description

1

Replay - PvZ_build_from_WayTeh

Build Order

Get SALT Encoding   

  12  0:01  Probe (Chrono Boost)  
  13  0:11  Probe (Chrono Boost)  
  14  0:18  Pylon  
  14  0:22  Probe (Chrono Boost)  
  15  0:37  Probe (Chrono Boost)  
  15  0:40  Gateway  
  16  0:47  Probe (Chrono Boost)  
  17  0:50  Assimilator  
  17  0:58  Probe (Chrono Boost)  
  18  1:08  Probe (Chrono Boost)  
  19  1:23  Nexus  
  19  1:35  Cybernetics Core  
  19  1:40  Assimilator  
  19  1:42  Probe (Chrono Boost)  
  20  1:48  Pylon  
  20  1:52  Probe (Chrono Boost)  
  21  2:03  Probe (Chrono Boost)  
  22  2:08  Adept  
  22  2:14  Warp Gate  
  26  2:32  Twilight Council  
  26  2:36  Adept  
  32  2:56  Resonating Glaives  
  33  3:01  Adept  
  36  3:08  Pylon  
  38  3:20  Gateway x2  
  40  3:30  Adept  
  45  3:50  Mothership Core (Chrono Boost)  
  45  3:51  Pylon  
  49  4:17  Adept x3  
  56  4:28  Nexus, Pylon  
  56  4:42  Robotics Facility  
  56  4:44  Forge  
  56  4:48  Assimilator x2  
  60  5:05  Protoss Ground Weapons Level 1  
  60  5:09  Adept x3  
  69  5:28  Immortal  
  75  5:35  Blink  
  89  6:06  Gateway x3  
  90  6:12  Gateway x2  
  90  6:17  Immortal  
  97  6:28  Sentry x3  
  106  6:42  Assimilator x2  
  109  6:57  Warp Prism  
  112  7:11  Stalker x7  
  112  7:13  Sentry  
  131  7:40  Nexus  
  131  7:46  Stalker  
  133  8:11  Stalker x2  
Spawning Tool Build Advisor. Get it on Overwolf

Go to:

Details

  • Created by: FLIGHTER
  • Published on: Apr 11, 2017
  • Modified on: Apr 11, 2017
  • Patch: 3.8.0
Show
View Real Time Build Order
Export as new Build Order

Comments (0)

There are no comments. Be the first!

Create an account to comment!